 Dungeon Crawl Stone Soup version 0.26-a0-774-g1415c89e12 (webtiles) character file.

Game seed: 4835636495105769575

203 Kinoniko the Skirmisher (level 5, -3/59 HPs)
             Began as an Ogre Monk on Nov 9, 2020.
             Slain by Purgy (6 damage)
             ... on level 3 of the Dungeon.
             The game lasted 00:02:42 (3704 turns).

Kinoniko the Skirmisher (Ogre Monk)                 Turns: 3704, Time: 00:02:43

Health: -3/59      AC:  3    Str: 15    XL:     5   Next: 81%
Magic:  5/5        EV: 11    Int: 11    God:
Gold:   153        SH:  0    Dex: 12    Spells: 4/4 levels left

rFire    . . .     SeeInvis .   a - +0 hand axe
rCold    . . .     Faith    .   (no shield)
rNeg     . . .     Spirit   .   b - +0 robe
rPois    .         Reflect  .   (helmet restricted)
rElec    .         Harm     .   (no cloak)
rCorr    .         Rampage  .   (gloves unavailable)
MR       .....                  (boots unavailable)
Stlth    ++........             (no amulet)
HPRegen  0.19/turn              (no ring)
MPRegen  0.09/turn              (no ring)

@: no status effects
A: large, unfitting armour, tough skin 1
a: no special abilities


You were on level 3 of the Dungeon.
You visited 1 branch of the dungeon, and saw 3 of its levels.

You collected 153 gold pieces.

Inventory:

Hand Weapons
 a - a +0 hand axe (weapon)
Armour
 b - a +0 robe (worn)
Wands
 k - a wand of digging (4)
Scrolls
 c - 2 scrolls of magic mapping {unknown}
 d - a scroll of amnesia {unknown}
 e - a scroll of remove curse {unknown}
 f - a scroll of teleportation {unknown}
 g - a scroll of fog {unknown}
 h - 2 scrolls of blinking {unknown}
 i - a scroll of noise {unknown}
 j - a scroll of random uselessness {unknown}
 l - a scroll of identify {unknown}
Potions
 m - a potion of might {unknown}
 n - 2 potions of haste
 o - a potion of magic {unknown}


   Skills:
 * Level 5.8 Fighting
 * Level 4.3 Axes
 * Level 3.9 Dodging
 - Level 1.4 Stealth


You had 4 spell levels left.
You didn't know any spells.
Your spell library was empty.

Dungeon Overview and Level Annotations

Branches:
Dungeon (3/15)

Altars:
Dithmenos
Qazlal

Annotations:
D:3 Purgy


Innate Abilities, Weirdness & Mutations

You are too large for most types of armour.
You have tough skin. (AC +1)


Message History

Purgy is heavily wounded.
Purgy barely misses you. Purgy claws you but does no damage. Purgy claws you.
* * * LOW HITPOINT WARNING * * *
You closely miss Purgy.
Purgy is heavily wounded.
Purgy snarls, "My home!
Leave!"
Purgy misses you. Purgy claws you.
* * * LOW HITPOINT WARNING * * *
Purgy claws you but does no damage.
Unknown command.
You hit Purgy.
Purgy is severely wounded.
Purgy bites you.
* * * LOW HITPOINT WARNING * * *
Purgy barely misses you. x2; Purgy closely misses you.
Purgy claws you but does no damage. x2
You hit Purgy.
Purgy is heavily wounded.
Purgy bites you.
You die...

##### #...# ###########
#...# ..........# #...#
#########.######...#
#.......@T.#
##########..####.).#
.........#..####...####
........................
.........##..####.####.#
.........##..# .#
.........##..## .#
.......)......# ..
.......).####.########


You could see Purgy.

Vanquished Creatures
  Jessica (D:2)
  Natasha (twice) (D:3)
  3 gnolls (D:3)
  2 adders (D:3)
  2 worms (D:2)
  3 dart slugs
  A leopard gecko (D:3)
  4 orcs (D:3)
  3 giant cockroaches
  11 hobgoblins
  8 jackals
  A quokka (D:2)
  3 ball pythons
  6 bats
  2 frilled lizards
  8 goblins
  2 kobolds
  A leopard gecko skeleton (D:2)
  4 rats
67 creatures vanquished.

Notes
Turn   | Place    | Note
-------+----------+-------------------------------------------
     0 | D:1      | Kinoniko the Ogre Monk began the quest for the Orb.
     0 | D:1      | Reached XP level 1. HP: 24/24 MP: 1/1
   480 | D:1      | Reached XP level 2. HP: 28/32 MP: 2/2
  1236 | D:2      | Reached XP level 3. HP: 40/40 MP: 3/3
  1243 | D:2      | Found a faded altar of an unknown god.
  1342 | D:2      | Noticed a water elemental
  1547 | D:2      | Found a stormy altar of Qazlal.
  1550 | D:2      | Noticed an air elemental
  1550 | D:2      | Noticed a fire elemental
  1550 | D:2      | Noticed an earth elemental
  1957 | D:2      | Noticed Jessica
  1964 | D:2      | Killed Jessica
  1964 | D:2      | Reached XP level 4. HP: 47/49 MP: 4/4
  2046 | D:2      | Found a shadowy altar of Dithmenos.
  2174 | D:3      | Reached skill level 5 in Fighting
  2288 | D:3      | HP: 1/75 [gnoll/+0 club (7)]
  2568 | D:3      | Reached XP level 5. HP: 41/57 MP: 5/5
  3187 | D:3      | Noticed Natasha
  3208 | D:3      | Killed Natasha
  3514 | D:3      | Noticed Natasha
  3525 | D:3      | Killed Natasha
  3685 | D:3      | Noticed Purgy
  3704 | D:3      | Slain by Purgy

Illustrated notes

Levels and vault maps discovered:
D:1:      lightli_arrival_flooded_house, layout_loops_corners,
          grunt_decor_one_mirror, minmay_misc_feat_diagonals, grunt_decor_cap
D:2:      layout_rooms, grunt_dithmenos_smoke_and_mirrors,
          nicolae_qazlal_style_of_elements,
          chequers_ecumenical_altar_simple_redux, uniq_jessica
D:3:      layout_basic, uniq_purgy, uniq_natasha

Skill      XL: |  1  2  3  4 |
---------------+-------------+-----
Dodging        | 3 |  3.9
Fighting       | 5 |  5.8
Axes           | 4 |  4.3
Stealth        | |  1.4

Action                   |  1- 3 |  4- 6 || total
-------------------------+-------+-------++-------
Melee: Hand axe          |   135 |   154 ||   289
  Use: Potion            |       |     5 ||     5
 Stab: Sleeping          |     4 |     1 ||     5
Armor: Robe              |    31 |    60 ||    91
       Skin              |       |     7 ||     7
Dodge: Dodged            |    83 |   122 ||   205

Table legend: (Time is in decaauts)
 A = Elapsed time spent in this place.
 B = Non-inter-level travel time spent in this place.
 C = Inter-level travel time spent in this place.
 D = Time resting spent in this place.
 E = Time spent auto-exploring this place.
 F = Levels seen in this place.
 G = Mean time per level.
                   A        B        C        D        E       F      G
               +--------+--------+--------+--------+--------+-----+--------+
         Total |   3734 |   3712 |     22 |   1149 |   2028 |   3 | 1244.7 |
       Dungeon |   3734 |   3712 |     22 |   1149 |   2028 |   3 | 1244.7 |
               +--------+--------+--------+--------+--------+-----+--------+

Top non-repeatable levels by time:
     D:3: 1554 daAuts
     D:1: 1122 daAuts
     D:2: 1058 daAuts
